AoeStats
← willrhyd

MegaRandom

508904483Analyzed
3v3 RM · 7d ago on Sep 24, 2026· 29m 19s· 6 players
Game mode
Random Map
Map size
Normal (6 player)
Population
200
Speed
Normal
Resources
Standard
Victory
Conquest
Starting age
Dark Age
Ending age
Imperial Age
RankedLock teamsTeams togetherTeam positionsShared explorationLock speedFull tech treeHidden civsTurbo modeCheats
Victory
Defeat
🇦🇷 Varangians · Argentina
1501
+9
🇬🇧 Persians · United Kingdom
1403
+13
🇪🇸 Poles · Spain
1378
+14
🇮🇳 Magyars · India
1411
-15
🇸🇪 Georgians · Sweden
1404
-14
🇩🇪 Khitans · Germany
1197
-7
MISTER COLLEJAS
6:49 Loom
9:24 Feudal Age
11:22 Fletching
18:50 Double-Bit Axe
19:22 Horse Collar
26:48 Castle Age
28:37 Heavy Plow
willrhyd
0:27 Loom
9:45 Feudal Age
10:45 Double-Bit Axe
20:59 Castle Age
20:15 Bloodlines
19:51 Horse Collar
21:37 Bow Saw
21:49 Scale Barding Armor
22:11 Husbandry
SP
6:49 Loom
10:15 Feudal Age
11:20 Double-Bit Axe
11:28 Horse Collar
15:29 Forging
23:00 Castle Age
21:32 Bloodlines
22:05 Scale Barding Armor
24:11 Chain Barding Armor
24:14 Bow Saw
24:48 Husbandry
28:38 Heavy Plow
30:09 Wheelbarrow
hablam
8:22 Loom
10:37 Feudal Age
11:01 Man-at-Arms
13:11 Fletching
SemperBlender
9:10 Loom
11:51 Feudal Age
12:53 Double-Bit Axe
14:04 Gold Mining
18:06 Castle Age
16:00 Stone Mining
16:03 Domestication
19:28 Fletching
22:07 Wheelbarrow
23:10 Bodkin Arrow
25:45 Town Watch
Champ
6:40 Loom
10:31 Feudal Age
11:25 Double-Bit Axe
11:23 Horse Collar
21:52 Castle Age
20:34 Fletching
20:45 Padded Archer Armor
22:40 Bodkin Arrow
23:51 Bloodlines
23:42 Husbandry
Connection lost

Rejoining the realm…

Still unreachable

The connection could not be restored.

Session expired

The server has moved on; the page needs a fresh start.